 Dungeon Crawl Stone Soup version 0.18.1-48-g4cf74bf (webtiles) character file.

833 Inkary the Covered (level 7, -1/63 HPs)
             Began as a Minotaur Fighter on July 20, 2016.
             Slain by an ogre
             ... wielding a cursed -2 giant spiked club
              (14 damage)
             ... on level 5 of the Dungeon.
             The game lasted 00:07:05 (2965 turns).

Inkary the Covered (Minotaur Fighter)               Turns: 2965, Time: 00:07:06

Health: -1/63      AC:  7    Str: 22    XL:     7   Next: 66%
Magic:  6/6        EV:  8    Int:  5    God:
Gold:   174        SH: 11    Dex: 10    Spells: 0 memorised, 6 levels left

rFire  + . .     SeeInvis .     a - +0 war axe
rCold  + . .     Gourm    .     b - +0 scale mail
rNeg   . . .     Faith    .     c - +1 shield
rPois  +         Spirit   .     (helmet restricted)
rElec  +         Dismiss  .     (no cloak)
rCorr  +         Reflect  .     (no gloves)
SustAt .         Harm     .     (no boots)
MR     +....                    (no amulet)
Stlth  ..........               (no ring)
                                q - ring of protection from magic

@: exhausted, resistant, slowed, very slow, somewhat resistant to hostile
enchantments, extremely unstealthy
A: retaliatory headbutt, horns 2
a: no special abilities


You were on level 5 of the Dungeon.
You were not hungry.

You visited 1 branch of the dungeon, and saw 5 of its levels.

You collected 174 gold pieces.

Inventory:

Hand Weapons
 a - a +0 war axe (weapon)
Armour
 b - a +0 scale mail (worn)
 c - a +1 shield (worn)
Jewellery
 q - a ring of protection from magic (left hand)
 u - a cursed amulet of inaccuracy {unknown}
 y - an uncursed ring of protection from fire {unknown}
 C - an uncursed amulet of dismissal {unknown}
Wands
 z - a wand of iceblast (15/15)
Scrolls
 l - a scroll of enchant armour
 n - 2 scrolls of remove curse
 o - a scroll of teleportation {unknown}
 v - a scroll of enchant weapon {unknown}
Potions
 d - 3 potions of might
 i - 3 potions of curing
 r - 2 potions of brilliance
 t - a potion of flight {unknown}
 w - a potion of cure mutation
 A - a potion of agility {unknown}
 B - a potion of magic {unknown}
 E - a potion of haste {unknown}
Comestibles
 f - 3 bread rations
 g - a beef jerky
 j - 3 slices of pizza
 k - 2 meat rations
 p - 3 fruits


   Skills:
 + Level 6.3 Fighting
 + Level 5.8 Axes
 + Level 6.4 Armour
 + Level 6.1 Shields


You had 6 spell levels left.
You didn't know any spells.

Dungeon Overview and Level Annotations

Branches:
Dungeon (5/15)
 Temple: D:4-7

Altars:
Kikubaaqudgha


Innate Abilities, Weirdness & Mutations

You reflexively headbutt those who attack you in melee.
You have a pair of horns on your head.


Message History

The orc priest is almost dead.
The orc priest miscasts a cantrip.
You block the ogre's attack.
You hit the orc priest but do no damage.
You headbutt the orc priest.
You kill the orc priest!
You hit the ogre.
The ogre is moderately wounded.
The ogre hits you with a giant spiked club!
You barely miss the ogre.
The ogre is moderately wounded.
You block the ogre's attack.
The ogre hits you with a giant spiked club!!
* * * LOW HITPOINT WARNING * * *
Drink which item? (? for menu, Esc to quit)
You feel much better.
The ogre hits you with a giant spiked club!!
* * * LOW HITPOINT WARNING * * *
The ogre hits you with a giant spiked club!
You die...

..#..## # .#.. ⌠.#...## .#
########....
..#....###.##............#
'##.>.........##.........#####
...........####...............
......<.#..####.(.............
.......###............$......
.##...##.................#
###..........##.@........#
#..........###O.......##
#..........##......?...#
#..........##..).>..%..##
#######..####...........# ###
#..##.............#####..
##....#.).........W...W..
#...###........######W..
##....##........####.....


You could see an ogre.

Vanquished Creatures
  The ghost of Typee the Sneak, an amateur OpCj of Sif Muna (D:5)
  The ghost of junkhipster the Covered, an amateur GrFi (D:4)
  2 phantoms
  2 giant frog zombies (D:5)
  2 orc priests
  A giant frog skeleton (D:5)
  A worker ant zombie (D:5)
  4 gnolls (D:2)
  4 adders
  An ooze (D:2)
  2 worms
  3 dart slugs
  2 giant geckos
  13 orcs
  4 giant cockroaches
  14 goblins
  7 hobgoblins
  13 jackals
  3 quokkas
  A ball python (D:5)
  8 bats
  3 giant newts
  9 kobolds
  A quokka skeleton (D:5)
  6 rats
108 creatures vanquished.

Notes
Turn   | Place    | Note
--------------------------------------------------------------
     0 | D:1      | Inkary the Minotaur Fighter began the quest for the Orb.
     0 | D:1      | Reached XP level 1. HP: 19/19 MP: 0/0
    83 | D:1      | Reached XP level 2. HP: 23/27 MP: 1/1
   490 | D:2      | Reached XP level 3. HP: 32/33 MP: 2/2
   510 | D:2      | Reached XP level 4. HP: 8/40 MP: 3/3
  1241 | D:3      | Reached XP level 5. HP: 47/47 MP: 4/4
  1536 | D:3      | Found a faded altar to an unknown god.
  1846 | D:4      | Found an ancient bone altar of Kikubaaqudgha.
  1871 | D:4      | Noticed junkhipster's ghost (amateur GrFi)
  1880 | D:4      | Killed junkhipster's ghost
  1880 | D:4      | Reached skill level 5 in Fighting
  1880 | D:4      | Reached skill level 5 in Armour
  1880 | D:4      | Reached skill level 5 in Shields
  1880 | D:4      | Reached XP level 6. HP: 48/56 MP: 5/5
  2351 | D:5      | Entered Level 5 of the Dungeon
  2422 | D:5      | Reached skill level 5 in Axes
  2460 | D:5      | Noticed Typee's ghost (amateur OpCj)
  2900 | D:5      | Reached XP level 7. HP: 52/62 MP: 6/6
  2946 | D:5      | Killed Typee's ghost
  2965 | D:5      | Slain by an ogre

Skill      XL: |  1  2  3  4  5  6  7 |
---------------+----------------------+-----
Axes           | 3 4 5 |  5.8
Fighting       | 4 5 6 |  6.3
Shields        | 4 5 6 |  6.1
Armour         | 4 5 6 |  6.4

Action                   |  1- 3 |  4- 6 |  7- 9 || total
-------------------------+-------+-------+-------++-------
Melee: War axe           |    52 |   194 |    16 ||   262
       Headbutt          |     4 |    35 |     4 ||    43
  Use: Scroll            |       |    13 |     1 ||    14
       Potion            |       |       |     3 ||     3
  Eat: Chunk             |       |     5 |       ||     5
       Fruit             |       |     3 |       ||     3
Armor: Scale mail        |    25 |    78 |     4 ||   107
Dodge: Dodged            |    17 |    53 |     4 ||    74
Block: Shield            |    28 |   108 |    10 ||   146
